 Dungeon Crawl Stone Soup version 0.29.0-4-gdea44cf6ec (webtiles) character file.

Game seed: 8684078452272825332

25967 qw the Cleaver (level 13, -23/90 HPs)
             Began as a Gargoyle Fighter on Sept 8, 2022.
             Was a High Priest of Okawaru.
             Killed from afar by a fire dragon (43 damage)
             ... with a blast of flame
             ... on level 4 of the Lair of Beasts.
             The game lasted 00:05:51 (12917 turns).

qw the Cleaver (Gargoyle Fighter)                  Turns: 12917, Time: 00:05:52

Health: -23/90     AC: 36    Str: 25    XL:     13   Next: 23%
Magic:  15/20      EV: 10    Int: 12    God:    Okawaru [*****.]
Gold:   585        SH:  6    Dex:  9    Spells: 12/12 levels left

rFire   . . .      SeeInvis .   m - +8 war axe of Upheaval {speed, rC- Int+5}
rCold   + . .      Faith    .   c - +0 buckler
rNeg    + . .      Spirit   .   j - +4 chain mail {rC+}
rPois   inf        Reflect  .   n - +1 helmet
rElec   +          Harm     .   (no cloak)
rCorr   .          Rampage  .   A - +0 pair of gloves
Will    .....                   e - +0 pair of boots
Stlth   ..........              s - amulet of the acrobat
HPRegen 0.25/turn               q - +4 ring of protection
MPRegen 0.17/turn               r - ring of protection from cold

@: about to teleport, heroic, finesse-ful, frozen, very slow
A: sickness immunity, AC +9, negative energy resistance 1, electricity
resistance, torment resistance 1, petrification resistance, dopey 1, mutation
resistance 1, robust 1
a: Renounce Religion, Heroism, Finesse, Duel


You were on level 4 of the Lair of Beasts.
You worshipped Okawaru.
Okawaru was extremely pleased with you.
You visited 3 branches of the dungeon, and saw 16 of its levels.

You collected 900 gold pieces.
You spent 315 gold pieces at shops.


Innate Abilities, Weirdness & Mutations

You are immune to sickness and miasma.
Your stone body is resilient. (AC +9)
You are immune to poison.
You resist negative energy. (rN+)
You are resistant to electric shocks. (rElec)
You are resistant to unholy torment.
You are immune to petrification.
You are dopey. (Int -2)
You are somewhat resistant to further mutation.
You are robust. (+10% HP)


   Skills:
 - Level 10.1(15.1) Fighting
 - Level 14.0(19.0) Axes
 - Level 4.4(9.4) Throwing
 + Level 8.8(13.8) Armour
 - Level 2.0(7.0) Dodging
 - Level 6.3(11.3) Shields
 + Level 9.5 Invocations


You had 12 spell levels left.
You didn't know any spells.
Your spell library was empty.

Inventory:

Hand Weapons
 m - the +8 war axe of Upheaval (weapon) {speed, rC- Int+5}
   (You found it on level 3 of the Dungeon)

   Attacks with this weapon are significantly faster.
   Int:       It affects your intelligence (+5).
   rC:        It makes you vulnerable to cold.
 C - a -2 demon whip of venom
Missiles
 w - 9 boomerangs
 y - 3 javelins (quivered)
Armour
 c - a +0 buckler (worn)
 e - a +0 pair of boots (worn)
 j - a +4 chain mail of cold resistance (worn)
 n - a +1 helmet (worn)
 A - a +0 pair of gloves (worn)
Jewellery
 q - a +4 ring of protection (left hand)
 r - a ring of protection from cold (right hand)
 s - an amulet of the acrobat (around neck)
 u - a ring of positive energy
 x - a ring of resist corrosion
Scrolls
 a - 9 scrolls of teleportation
 g - 11 scrolls of identify
 v - 3 scrolls of enchant weapon
 z - 2 scrolls of blinking
Potions
 b - 2 potions of magic
 d - 3 potions of might
 f - 8 potions of curing
 h - a potion of attraction
 i - 2 potions of lignification
 k - a potion of cancellation
 l - 4 potions of haste
 o - 2 potions of mutation
 t - a potion of heal wounds

Dungeon Overview and Level Annotations

Branches:
Dungeon (11/15)            Temple (1/1) D:4            Lair (4/5) D:11
  Swamp (0/4) Lair:2        Snake (0/4) Lair:3
  Slime: Lair:4-5       Orc: D:9-12

Altars:
Ashenzari
Cheibriados
Dithmenos
Elyvilon
Fedhas
Gozag
Hepliaklqana
Kikubaaqudgha
Makhleb
Nemelex Xobeh
Okawaru
Qazlal
Ru
Sif Muna
Trog
Uskayaw
Vehumet
Wu Jian
Xom
Yredelemnul
Zin
The Shining One

Shops:
D:6 [   D:9 (

Annotations:
D:6 2 transporters, qw's ghost, amateur MiFi


Message History

You block the fire dragon's attack. x2
You slice the fire dragon!!
The fire dragon is moderately wounded.
You hit the steam dragon.
You are engulfed in a cloud of scalding steam.
You hit the fire dragon but do no damage.
The fire dragon is moderately wounded.
You slash the steam dragon!
You are engulfed in a cloud of scalding steam.
The plant is engulfed in a cloud of scalding steam.
The plant begins to die.
You slice the fire dragon!!
The fire dragon is heavily wounded.
You hit the steam dragon.
You are engulfed in a cloud of scalding steam.
The plant is engulfed in a cloud of scalding steam.
You barely miss the fire dragon.
The fire dragon is heavily wounded.
You closely miss the steam dragon.
You are engulfed in a cloud of scalding steam.
The plant is engulfed in a cloud of scalding steam.
The fire dragon breathes flames at you. The blast of flame hits you!!
The steam dragon breathes steam at you.
The ball of steam hits the steam dragon.
The steam dragon resists.
The ball of steam hits you but does no damage.
The steam dragon bites you but does no damage.
You block the steam dragon's attack.
12917 ||| READING 10 scrolls of teleportation.
As you read the scroll of teleportation, it crumbles to dust.
You feel strangely unstable.
You are engulfed in a cloud of scalding steam.
The plant is engulfed in a cloud of scalding steam.
The steam dragon barely misses you.
The steam dragon claws you but does no damage.
You block the steam dragon's attack. The steam dragon closely misses you.
The fire dragon breathes flames at you. The blast of flame hits you!!!
You die...

##...#### ## ##
##....##.##.##.##¤~ ...
#................$ ...
..###............. ...8
.#####..........~.
.k...
..##!............##k..#
#..#..#...##.###k.k...
##...###.## #


#DDD# ##.. ##.######@D# #... #....#¤#¤.## .........#...¤¤¤..#
..#.#...##.....¤¤P# ##.# ##..###..# #.. #.## P.P# ... ...# #.## ...# ....# P.#
..# ##...# .# You could see a fire dragon (catching breath), 4 rime drakes and 3
steam dragons.

Vanquished Creatures
  2 hydras
  A catoblepas (Lair:3)
  Erica (D:11)
  Amaemon (Lair:2)
  A wizard (D:11)
  A lindwurm (Lair:2)
  Pikel (D:6)
  2 cyclopes (D:11)
  A manticore (D:11)
  6 elephants (Lair:3)
  A black mamba (Lair:2)
  An orange demon (Lair:2)
  3 cane toads
  9 rime drakes (Lair:4)
  2 trolls (D:11)
  5 blink frogs (Lair:2)
  3 hornets
  A wraith (D:11)
  32 yaks
  A basilisk (Lair:3)
  A wyvern (D:9)
  2 vampire mosquitoes (D:9)
  Edmund (D:6)
  3 steam dragons
  An acid dragon (D:9)
  4 nagas (Lair:3)
  A swamp worm (Lair:2)
  13 water moccasins
  2 black bears
  An orc warrior (D:9)
  A sky beast (D:7)
  2 ice beasts (D:7)
  2 ogres (D:5)
  3 wolves (Lair:3)
  6 centaurs
  3 lemures (D:6)
  6 kobold brigands
  A phantom (D:6)
  12 bullfrogs
  A gnoll sergeant (D:9)
  2 necrophages
  2 scorpions
  11 wights
  16 killer bees
  3 howler monkeys (D:10)
  6 hounds
  2 jellies
  2 orc priests
  4 iguanas
  4 hell rats (Lair:3)
  6 orc wizards
  9 adders
  8 gnolls
  A shadow imp (D:7)
  A worm (D:4)
  21 orcs
  14 ball pythons
  7 endoplasms
  5 giant cockroaches
  6 goblins
  3 hobgoblins
  34 kobolds
  2 quokkas
  5 bats
  2 frilled lizards (D:2)
  5 rats
322 creatures vanquished.

Vanquished Creatures (others)
  10 fungi
  20 plants
30 creatures vanquished.

Grand Total: 352 creatures vanquished

Notes
Turn   | Place    | Note
-------+----------+-------------------------------------------
     0 | D:1      | qw the Gargoyle Fighter began the quest for the Orb.
     0 | D:1      | Reached XP level 1. HP: 14/14 MP: 1/1
     0 | D:1      | 0 ||| qw: Version: 0.1-a-112-g44dc6cd
     0 | D:1      | 0 ||| qw: Game counter: 6828
     0 | D:1      | 0 ||| qw: Always use a shield: true
     0 | D:1      | 0 ||| qw: God list: Okawaru
     0 | D:1      | 0 ||| qw: Allow faded altars: false
     0 | D:1      | 0 ||| qw: Do Orc after D:15 true
     0 | D:1      | 0 ||| qw: Do second Lair branch before Depths: true
     0 | D:1      | 0 ||| qw: Lair rune preference: random
     0 | D:1      | 0 ||| qw: Plans: Normal, Zot, God:TSO, Crypt, Tomb, Zig,
                  | Orb
     0 | D:1      | 0 ||| PLANNING D:1-11
    55 | D:1      | 55 ||| Stepping ~*~*~tactically~*~*~ (stealth).
    56 | D:1      | 56 ||| Stepping ~*~*~tactically~*~*~ (stealth).
    72 | D:1      | Reached skill level 2 in Axes
   250 | D:1      | Reached XP level 2. HP: 19/19 MP: 2/2
   500 | D:1      | 500 ||| DROPPING +0 club.
   680 | D:1      | Found a faded altar of an unknown god.
   798 | D:1      | 798 ||| READING 2 scrolls labelled NUAPSO QIGOBU.
   802 | D:1      | 802 ||| READING scroll labelled ROSUHI XEIS.
   803 | D:1      | 803 ||| READING scroll labelled EWKACE MOACO.
   804 | D:1      | 804 ||| READING scroll labelled CAIMU CANUYMP.
   805 | D:1      | 805 ||| READING scroll labelled INEANEPORE.
   806 | D:1      | 806 ||| READING scroll labelled WOJIXT KIYVOID.
   807 | D:1      | 807 ||| READING scroll labelled KAEXKI FYSI.
   808 | D:1      | 808 ||| READING scroll labelled YFITESTR NOCKO.
  1013 | D:2      | Reached skill level 3 in Axes
  1133 | D:2      | Reached XP level 3. HP: 23/23 MP: 3/3
  2205 | D:2      | 2205 ||| DROPPING ring of wizardry.
  2206 | D:2      | 2206 ||| DRINKING 3 lumpy ruby potions.
  2207 | D:2      | 2207 ||| DRINKING 2 lumpy black potions.
  2305 | D:3      | Identified the +8 war axe of Upheaval {speed, rC- Int+5}
  2307 | D:3      | 2307 ||| SWAPPING to +8 war axe of Upheaval {speed, rC-
                  | Int+5}.
  2308 | D:3      | 2308 ||| DROPPING +0 war axe.
  2379 | D:3      | 2379 ||| Stepping ~*~*~tactically~*~*~ (stealth).
  2417 | D:3      | Reached XP level 4. HP: 28/28 MP: 4/4
  2479 | D:3      | Found a basalt altar of Yredelemnul.
  2482 | D:3      | Reached skill level 4 in Axes
  2573 | D:3      | Found a sparkling altar of Nemelex Xobeh.
  2649 | D:3      | Found a shadowy altar of Dithmenos.
  2837 | D:3      | 2837 ||| UPGRADING to +0 helmet.
  2842 | D:3      | 2842 ||| UPGRADING to +0 chain mail.
  2852 | D:3      | 2852 ||| DROPPING +0 scale mail.
  2853 | D:3      | 2853 ||| DRINKING 2 black potions.
  2951 | D:4      | Reached XP level 5. HP: 32/32 MP: 5/5
  3007 | D:4      | 3007 ||| DROPPING +0 mace.
  3035 | D:4      | Reached skill level 5 in Axes
  3136 | D:4      | 3136 ||| Stepping ~*~*~tactically~*~*~ (stealth).
  3142 | D:4      | 3142 ||| Stepping ~*~*~tactically~*~*~ (stealth).
  3143 | D:4      | 3143 ||| Stepping ~*~*~tactically~*~*~ (stealth).
  3214 | D:4      | Found a staircase to the Ecumenical Temple.
  3215 | D:4      | 3215 ||| PLANNING TEMPLE
  3220 | Temple   | Entered the Ecumenical Temple
  3402 | Temple   | 3402 ||| PLANNING D:1-11
  3693 | D:4      | 3693 ||| READING 5 scrolls of teleportation.
  3791 | D:4      | 3791 ||| Stepping ~*~*~tactically~*~*~ (stealth).
  3830 | D:4      | 3830 ||| DRINKING 2 metallic orange potions.
  3831 | D:4      | 3831 ||| DROPPING potion of flight.
  3832 | D:4      | 3832 ||| READING 4 scrolls of teleportation.
  3834 | D:4      | 3834 ||| FLEEEEING.
  3874 | D:4      | Reached XP level 6. HP: 38/38 MP: 6/6
  3932 | D:4      | 3932 ||| READING 3 scrolls of teleportation.
  4069 | D:4      | Found a white marble altar of Elyvilon.
  4196 | D:5      | Entered Level 5 of the Dungeon
  4239 | D:5      | Reached skill level 6 in Axes
  4346 | D:5      | Reached skill level 1 in Dodging
  4346 | D:5      | Reached XP level 7. HP: 25/43 MP: 7/7
  4506 | D:5      | Reached skill level 7 in Axes
  4551 | D:5      | Found an opulent altar of Gozag.
  4551 | D:5      | Found a sacrificial altar of Ru.
  4785 | D:5      | 4785 ||| Stepping ~*~*~tactically~*~*~ (stealth).
  5050 | D:5      | 5050 ||| UPGRADING to +0 plate armour.
  5060 | D:5      | 5060 ||| DROPPING +0 chain mail.
  5061 | D:5      | 5061 ||| UPGRADING to +4 ring of protection.
  5062 | D:5      | 5062 ||| UPGRADING to ring of protection from cold.
  5063 | D:5      | 5063 ||| READING scroll labelled INOKIC JAXOSING.
  5099 | D:6      | Found a burning altar of Makhleb.
  5106 | D:6      | Reached skill level 1 in Throwing
  5106 | D:6      | Reached XP level 8. HP: 49/49 MP: 8/8
  5149 | D:6      | 5149 ||| Stepping ~*~*~tactically~*~*~ (stealth).
  5226 | D:6      | Noticed Pikel
  5230 | D:6      | 5230 ||| Stepping ~*~*~tactically~*~*~ (stealth).
  5246 | D:6      | Killed Pikel
  5320 | D:6      | Found a transporter.
  5322 | D:6      | Found a transporter.
  5323 | D:6      | Noticed qw's ghost (amateur MiFi)
  5323 | D:6      | Noticed a hornet
  5372 | D:6      | Found Zauxzod's Armour Shop.
  5379 | D:6      | 5379 ||| SHOPLISTING +1 plate armour of willpower (350
                  | gold, have 331).
  5379 | D:6      | 5379 ||| BUYING +4 chain mail of cold resistance (315
                  | gold).
  5379 | D:6      | Bought a +4 chain mail of cold resistance for 315 gold
                  | pieces
  5446 | D:6      | Reached skill level 8 in Axes
  5446 | D:6      | Reached XP level 9. HP: 54/54 MP: 9/9
  5456 | D:6      | Noticed Edmund
  5464 | D:6      | Killed Edmund
  5465 | D:6      | Reached skill level 6 in Fighting
  5471 | D:6      | 5471 ||| FLEEEEING.
  5475 | D:6      | 5475 ||| FLEEEEING.
  5476 | D:6      | 5476 ||| FLEEEEING.
  5477 | D:6      | 5477 ||| FLEEEEING.
  5478 | D:6      | 5478 ||| FLEEEEING.
  5479 | D:6      | 5479 ||| FLEEEEING.
  5480 | D:6      | 5480 ||| FLEEEEING.
  5481 | D:6      | 5481 ||| FLEEEEING.
  5482 | D:6      | 5482 ||| FLEEEEING.
  5483 | D:6      | 5483 ||| FLEEEEING.
  5484 | D:6      | 5484 ||| FLEEEEING.
  5486 | D:6      | 5486 ||| FLEEEEING.
  5494 | D:6      | 5494 ||| FLEEEEING.
  5495 | D:6      | 5495 ||| FLEEEEING.
  5496 | D:6      | 5496 ||| FLEEEEING.
  5497 | D:6      | 5497 ||| FLEEEEING.
  5498 | D:6      | 5498 ||| FLEEEEING.
  5499 | D:6      | 5499 ||| FLEEEEING.
  5500 | D:6      | 5500 ||| FLEEEEING.
  5501 | D:6      | 5501 ||| FLEEEEING.
  5502 | D:6      | 5502 ||| FLEEEEING.
  5503 | D:6      | 5503 ||| FLEEEEING.
  5504 | D:6      | 5504 ||| FLEEEEING.
  5505 | D:6      | 5505 ||| FLEEEEING.
  5506 | D:6      | 5506 ||| FLEEEEING.
  5508 | D:6      | 5508 ||| FLEEEEING.
  5509 | D:6      | 5509 ||| STAIRDANCE
  5543 | D:5      | 5543 ||| UPGRADING to +4 chain mail of cold resistance.
  5553 | D:5      | 5553 ||| DROPPING +0 plate armour.
  5554 | D:5      | 5554 ||| DROPPING potion of ambrosia.
  5559 | D:6      | 5559 ||| STAIRDANCE
  6015 | D:6      | Found a radiant altar of Vehumet.
  6063 | D:6      | 6063 ||| READING scroll labelled OTAGYEMIAG.
  6064 | D:6      | 6064 ||| READING scroll labelled ENAOSTO USOUKHE.
  6089 | D:7      | 6089 ||| Stepping ~*~*~tactically~*~*~ (hiding).
  6091 | D:7      | 6091 ||| Stepping ~*~*~tactically~*~*~ (hiding).
  6106 | D:7      | 6106 ||| FLEEEEING.
  6108 | D:7      | 6108 ||| STAIRDANCE
  6320 | D:7      | Reached skill level 9 in Axes
  6331 | D:7      | 6331 ||| Stepping ~*~*~tactically~*~*~ (stealth).
  6332 | D:7      | 6332 ||| Stepping ~*~*~tactically~*~*~ (stealth).
  6334 | D:7      | 6334 ||| Stepping ~*~*~tactically~*~*~ (stealth).
  6336 | D:7      | 6336 ||| Stepping ~*~*~tactically~*~*~ (stealth).
  6350 | D:7      | 6350 ||| Stepping ~*~*~tactically~*~*~ (stealth).
  6352 | D:7      | 6352 ||| Stepping ~*~*~tactically~*~*~ (stealth).
  6796 | D:7      | 6796 ||| READING 2 scrolls labelled BIUBLO KYLUN.
  6797 | D:7      | 6797 ||| READING scroll of enchant armour.
  6797 | D:7      | 6797 ||| ENCHANTING +0 helmet.
  6805 | D:8      | 6805 ||| STAIRDANCE
  6858 | D:8      | Reached XP level 10. HP: 60/63 MP: 10/10
  6859 | D:8      | Reached skill level 10 in Axes
  6869 | D:8      | 6869 ||| STAIRDANCE
  6914 | D:8      | Identified the +2 robe of the Arena {Rampage rCorr Dex+2}
  7258 | D:8      | Found a hide-covered altar of Uskayaw.
  7540 | D:8      | 7540 ||| DROPPING +6 ring of intelligence.
  7541 | D:8      | 7541 ||| READING scroll labelled ROTESE KOCUEWU.
  7542 | D:8      | 7542 ||| DRINKING 2 metallic yellow potions.
  7543 | D:8      | 7543 ||| DROPPING potion of degeneration.
  7581 | D:9      | 7581 ||| Stepping ~*~*~tactically~*~*~ (stealth).
  7582 | D:9      | 7582 ||| Stepping ~*~*~tactically~*~*~ (stealth).
  7679 | D:9      | 7679 ||| Stepping ~*~*~tactically~*~*~ (stealth).
  7864 | D:9      | 7864 ||| Stepping ~*~*~tactically~*~*~ (stealth).
  7913 | D:9      | 7913 ||| Stepping ~*~*~tactically~*~*~ (stealth).
  7915 | D:9      | 7915 ||| Stepping ~*~*~tactically~*~*~ (stealth).
  8025 | D:9      | Found Jipsen's Antique Weapon Boutique.
  8054 | D:9      | 8054 ||| Stepping ~*~*~tactically~*~*~ (stealth).
  8056 | D:9      | Reached skill level 11 in Axes
  8056 | D:9      | 8056 ||| Stepping ~*~*~tactically~*~*~ (hiding).
  8326 | D:9      | Found an iron altar of Okawaru.
  8334 | D:9      | Became a worshipper of Warmaster Okawaru
  8363 | D:9      | 8363 ||| Stepping ~*~*~tactically~*~*~ (hiding).
  8379 | D:9      | 8379 ||| Stepping ~*~*~tactically~*~*~ (hiding).
  8592 | D:9      | 8592 ||| UPGRADING to amulet of the acrobat.
  8597 | D:9      | 8597 ||| DRINKING 2 fizzy orange potions.
  8597 | D:9      | Gained mutation: You are dopey. (Int -2) [potion of
                  | mutation]
  8597 | D:9      | Gained mutation: You are robust. (+10% HP) [potion of
                  | mutation]
  8597 | D:9      | Gained mutation: You are somewhat resistant to further
                  | mutation. [potion of mutation]
  8625 | D:9      | 8625 ||| READING 4 scrolls of identify.
  8625 | D:9      | 8625 ||| IDENTIFYING lumpy grey potion
  8626 | D:9      | 8626 ||| READING 3 scrolls of identify.
  8626 | D:9      | 8626 ||| IDENTIFYING sedimented grey potion
  8627 | D:9      | 8627 ||| READING 2 scrolls of identify.
  8627 | D:9      | 8627 ||| IDENTIFYING metallic brown potion
  8628 | D:9      | 8628 ||| DROPPING potion of invisibility.
  8646 | D:10     | Entered Level 10 of the Dungeon
  8650 | D:10     | Reached skill level 9 in Fighting
  8722 | D:10     | 8722 ||| Stepping ~*~*~tactically~*~*~ (stealth).
  8741 | D:10     | Reached skill level 6 in Armour
  8766 | D:10     | 8766 ||| FLEEEEING.
  8776 | D:10     | 8776 ||| Stepping ~*~*~tactically~*~*~ (stealth).
  8848 | D:10     | Identified the +1 leather armour "Caonutaa" {Will+}
  8997 | D:10     | 8997 ||| Stepping ~*~*~tactically~*~*~ (stealth).
  9005 | D:10     | Reached XP level 11. HP: 74/78 MP: 11/11
  9012 | D:10     | Reached * piety under Okawaru
  9018 | D:10     | Reached skill level 1 in Invocations
  9107 | D:10     | 9107 ||| READING scroll labelled BOMAMOH HUIFO.
  9108 | D:10     | 9108 ||| DRINKING 2 clear potions.
  9213 | D:10     | 9213 ||| DROPPING potion of berserk rage.
  9231 | D:11     | 9231 ||| INVOKING Heroism.
  9232 | D:11     | 9232 ||| INVOKING Heroism.
  9242 | D:11     | 9242 ||| Stepping ~*~*~tactically~*~*~ (stealth).
  9288 | D:11     | 9288 ||| Stepping ~*~*~tactically~*~*~ (stealth).
  9290 | D:11     | 9290 ||| Stepping ~*~*~tactically~*~*~ (hiding).
  9291 | D:11     | 9291 ||| INVOKING Heroism.
  9298 | D:11     | Reached skill level 3 in Invocations
  9313 | D:11     | Found a staircase to the Lair.
  9362 | D:11     | Noticed a wizard
  9374 | D:11     | Killed a wizard
  9374 | D:11     | Reached ** piety under Okawaru
  9465 | D:11     | Identified the +1 ring mail of Slovenliness {rElec rPois
                  | rC+ Dex+2}
  9491 | D:11     | Identified the +7 spear of Devotion {holy, rElec Str+3
                  | Int+4 Dex-5}
  9497 | D:11     | Noticed a cyclops
  9498 | D:11     | 9498 ||| INVOKING Heroism.
  9499 | D:11     | Noticed a manticore
  9507 | D:11     | Killed a cyclops
  9508 | D:11     | Reached skill level 12 in Axes
  9509 | D:11     | Killed a manticore
  9603 | D:11     | Noticed a cyclops
  9604 | D:11     | 9604 ||| INVOKING Heroism.
  9618 | D:11     | Killed a cyclops
  9619 | D:11     | Reached skill level 6 in Shields
  9661 | D:11     | Noticed Erica
  9662 | D:11     | 9662 ||| INVOKING Heroism.
  9670 | D:11     | 9670 ||| DRINKING 2 potions of cancellation.
  9672 | D:11     | Killed Erica
  9788 | D:11     | 9788 ||| PLANNING LAIR
  9788 | D:11     | 9788 ||| UPGRADING to +0 pair of boots.
  9793 | D:11     | 9793 ||| READING scroll labelled VALLICRARI.
  9864 | D:11     | 9864 ||| READING 2 scrolls of identify.
  9864 | D:11     | 9864 ||| IDENTIFYING lumpy dark potion
  9875 | Lair:1   | Entered Level 1 of the Lair of Beasts
  9885 | Lair:1   | 9885 ||| Stepping ~*~*~tactically~*~*~ (stealth).
  9894 | Lair:1   | 9894 ||| INVOKING Heroism.
  9905 | Lair:1   | Reached *** piety under Okawaru
 10184 | Lair:1   | 10184 ||| DROPPING +0 flail.
 10604 | Lair:1   | 10604 ||| INVOKING Heroism.
 10751 | Lair:1   | 10751 ||| UPGRADING to +0 pair of gloves.
 10756 | Lair:1   | 10756 ||| DRINKING 2 grey potions.
 10893 | Lair:2   | 10893 ||| INVOKING Heroism.
 10994 | Lair:2   | 10994 ||| INVOKING Heroism.
 10995 | Lair:2   | 10995 ||| Stepping ~*~*~tactically~*~*~ (stealth).
 10999 | Lair:2   | Reached XP level 12. HP: 84/84 MP: 12/15
 11018 | Lair:2   | 11018 ||| INVOKING Heroism.
 11072 | Lair:2   | 11072 ||| INVOKING Heroism.
 11074 | Lair:2   | 11074 ||| Stepping ~*~*~tactically~*~*~ (stealth).
 11078 | Lair:2   | 11078 ||| Stepping ~*~*~tactically~*~*~ (stealth).
 11084 | Lair:2   | Reached **** piety under Okawaru
 11253 | Lair:2   | Noticed Amaemon
 11254 | Lair:2   | 11254 ||| INVOKING Heroism.
 11262 | Lair:2   | Killed Amaemon
 11279 | Lair:2   | 11279 ||| DROPPING +0 morningstar.
 11311 | Lair:2   | 11311 ||| INVOKING Heroism.
 11325 | Lair:2   | Reached skill level 6 in Invocations
 11328 | Lair:2   | Reached skill level 13 in Axes
 11399 | Lair:2   | 11399 ||| INVOKING Heroism.
 11440 | Lair:2   | Noticed an eight-headed hydra
 11441 | Lair:2   | 11441 ||| INVOKING Heroism.
 11444 | Lair:2   | 11444 ||| SWAPPING to -2 demon whip of venom.
 11454 | Lair:2   | Killed an eight-headed hydra
 11455 | Lair:2   | 11455 ||| SWAPPING to +8 war axe of Upheaval {speed, rC-
                  | Int+5}.
 11614 | Lair:2   | Identified the +7 flail of Enyehi Ohiy {vorpal, rF+ rN+
                  | Str-2}
 11676 | Lair:2   | Found a staircase to the Swamp.
 11677 | Lair:2   | 11677 ||| Stepping ~*~*~tactically~*~*~ (hiding).
 11680 | Lair:2   | 11680 ||| INVOKING Heroism.
 11829 | Lair:3   | 11829 ||| Stepping ~*~*~tactically~*~*~ (stealth).
 11833 | Lair:3   | 11833 ||| INVOKING Heroism.
 11872 | Lair:3   | 11872 ||| Stepping ~*~*~tactically~*~*~ (stealth).
 11875 | Lair:3   | 11875 ||| Stepping ~*~*~tactically~*~*~ (stealth).
 11876 | Lair:3   | 11876 ||| Stepping ~*~*~tactically~*~*~ (stealth).
 11885 | Lair:3   | 11885 ||| INVOKING Heroism.
 11895 | Lair:3   | Received a gift from Okawaru
 11902 | Lair:3   | Reached ***** piety under Okawaru
 11924 | Lair:3   | Noticed an eight-headed hydra
 11925 | Lair:3   | 11925 ||| INVOKING Heroism.
 11926 | Lair:3   | 11926 ||| INVOKING Finesse.
 11926 | Lair:3   | Noticed a catoblepas
 11928 | Lair:3   | 11928 ||| SWAPPING to -2 demon whip of venom.
 11940 | Lair:3   | Killed an eight-headed hydra
 11941 | Lair:3   | 11941 ||| SWAPPING to +8 war axe of Upheaval {speed, rC-
                  | Int+5}.
 11953 | Lair:3   | Killed a catoblepas
 11969 | Lair:3   | Found a staircase to the Snake Pit.
 12151 | Lair:3   | Reached XP level 13. HP: 90/90 MP: 19/19
 12489 | Lair:3   | 12489 ||| Stepping ~*~*~tactically~*~*~ (stealth).
 12491 | Lair:3   | 12491 ||| INVOKING Heroism.
 12661 | Lair:3   | 12661 ||| INVOKING Heroism.
 12779 | Lair:3   | 12779 ||| DROPPING amulet of faith.
 12858 | Lair:4   | 12858 ||| INVOKING Heroism.
 12859 | Lair:4   | 12859 ||| Stepping ~*~*~tactically~*~*~ (cloud).
 12860 | Lair:4   | 12860 ||| Stepping ~*~*~tactically~*~*~ (hiding).
 12873 | Lair:4   | Reached skill level 14 in Axes
 12873 | Lair:4   | Reached skill level 9 in Invocations
 12883 | Lair:4   | 12883 ||| Stepping ~*~*~tactically~*~*~ (cloud).
 12884 | Lair:4   | Noticed a fire dragon
 12885 | Lair:4   | 12885 ||| INVOKING Finesse.
 12916 | Lair:4   | HP: 20/90 [fire dragon/blast of flame (25)]
 12917 | Lair:4   | 12917 ||| READING 10 scrolls of teleportation.
 12917 | Lair:4   | Killed from afar by a fire dragon

Levels and vault maps discovered:
D:1:      lemuel_arrival_rhombus, layout_basic,
          shapermc_ecumenical_altar_pompeii, serial_bayou_lagoon_a
D:2:      layout_basic, corexii_leaking_fountain, grunt_ministairs_13
D:3:      layout_rooms, nicolae_dithmenos_shadow_blocks,
          mainiacjoe_overflow_swirl
D:4:      layout_gridville, mainiacjoe_overflow_brackets,
          minmay_temple_entry_butterflies, minmay_checkerbox
D:5:      layout_loops_cross, nicolae_overflow_two_pavilions
D:6:      layout_loops_ring, makhleb_heckhound_becter, vehumet_crystals,
          gammafunk_ghost_hive, serial_shops, nicolae_stop_n_shop_2,
          uniq_edmund, uniq_pikel
D:7:      layout_cave_pools
D:8:      layout_basic, mainiacjoe_overflow_surrounded_room
D:9:      layout_loops_ring, okawaru_ov_weapons_minmay, serial_shops,
          nicolae_shop_advertising_works [nicolae_subvault_shop_adworks]
D:10:     layout_rooms
D:11:     layout_rooms, lair_entry_dummy, uniq_erica
Temple:   nicolae_temple_bog_church
Lair:1:   layout_cave_pods
Lair:2:   cheibrodos_lair_overgrown_chateau, layout_misc_corridors,
          minmay_swamp_entry_worms, uniq_amaemon
Lair:3:   layout_regular_city, minmay_snake_entry_guardpost_small,
          wad_woods_road_03
Lair:4:   hellmonk_destroyed_diamonds, layout_gridlike,
          dpeg_slime_entry_enclosed, bobbens_dragon_lair_wall

Skill      XL: |  1  2  3  4  5  6  7  8  9 10 11 12 13 |
---------------+----------------------------------------+-----
Axes           | 2 3 4 5 6 7 8 9 11 12 13 14 | 14.0
Fighting       | 4 5 7 9 10 | 10.1
Dodging        | 1 2 |  2.0
Throwing       | 1 4 |  4.4
Armour         | 4 6 8 |  8.8
Shields        | 4 5 6 |  6.3
Invocations    | 4 8 9 |  9.5

Action                   |  1- 3 |  4- 6 |  7- 9 | 10-12 | 13-15 || total
-------------------------+-------+-------+-------+-------+-------++-------
Melee: War axe           |   111 |    80 |   178 |   432 |    81 ||   882
       Demon whip        |       |       |       |    21 |       ||    21
Throw: Boomerang         |       |    28 |    14 |    13 |     4 ||    59
       Javelin           |       |       |    27 |    81 |    12 ||   120
Invok: Heroism           |       |       |       |    19 |     3 ||    22
       Finesse           |       |       |       |     1 |     1 ||     2
  Use: Scroll            |     8 |     3 |     5 |     7 |     1 ||    24
       Potion            |     2 |     2 |       |     5 |       ||     9
Armor: Scale mail        |    51 |     1 |       |       |       ||    52
       Chain mail        |       |    31 |    79 |   181 |    29 ||   320
       Plate armour      |       |       |    39 |       |       ||    39
Dodge: Dodged            |    65 |    17 |    46 |   126 |    13 ||   267
Block: Buckler           |    18 |     9 |    34 |    70 |    15 ||   146

Table legend:
 A = Non-vault XP
 B = Vault XP
 C = Vault XP percentage of total XP
 D = Non-vault monster count
 E = Vault monster count
 F = Vault count percentage of total count
                 A         B        C        D         E       F
            +---------+---------+-------+---------+---------+-------
      Total |   25202 |   11894 |  32.1 |     276 |      43 |  13.5
            +---------+---------+-------+---------+---------+-------
        D:1 |      27 |       0 |   0.0 |      16 |       0 |   0.0
        D:2 |      32 |       3 |   8.6 |      13 |       2 |  13.3
        D:3 |      69 |       0 |   0.0 |      12 |       0 |   0.0
        D:4 |     195 |      11 |   5.3 |      24 |       4 |  14.3
        D:5 |     848 |       0 |   0.0 |      13 |       0 |   0.0
        D:6 |     924 |     789 |  46.1 |      20 |       3 |  13.0
        D:7 |    1745 |       0 |   0.0 |      36 |       0 |   0.0
        D:8 |    1672 |       0 |   0.0 |      16 |       0 |   0.0
        D:9 |    1874 |       0 |   0.0 |      36 |       0 |   0.0
       D:10 |    1903 |       0 |   0.0 |      24 |       0 |   0.0
       D:11 |    4010 |     828 |  17.1 |      12 |       1 |   7.7
     Lair:1 |    1959 |       0 |   0.0 |      10 |       0 |   0.0
     Lair:2 |    3884 |    5200 |  57.2 |      17 |      17 |  50.0
     Lair:3 |    6060 |    1497 |  19.8 |      27 |       5 |  15.6
     Lair:4 |       0 |    3566 | 100.0 |       0 |      11 | 100.0
            +---------+---------+-------+---------+---------+-------
